 Dungeon Crawl Stone Soup version 0.22-a0-196-gee22f27 (webtiles) character file.

20 NeonDemon the Grasshopper (level 2, 24/26 HPs)
             Began as a Gnoll Warper on Feb 17, 2018.
             Quit the game on level 2 of the Dungeon.
             The game lasted 00:03:35 (291 turns).

NeonDemon the Grasshopper (Gnoll Warper)             Turns: 291, Time: 00:03:36

Health: 24/26      AC:  3    Str: 13    XL:     2   Next: 79%
Magic:  7/7        EV: 14    Int: 15    God:
Gold:   25         SH:  0    Dex: 14    Spells: 10/10 levels left

rFire    . . .     SeeInvis .     - Unarmed
rCold    . . .     Gourm    .   (no shield)
rNeg     . . .     Faith    .   a - +0 leather armour
rPois    .         Spirit   .   (no helmet)
rElec    .         Reflect  .   (no cloak)
rCorr    .         Harm     .   (no gloves)
MR       .....                  (no boots)
Stlth    +.........             (no amulet)
HPRegen  0.08/turn              (no ring)
MPRegen  0.10/turn              (no ring)

@: no status effects
A: distributed training, fangs 1, strong nose
a: no special abilities


You were on level 2 of the Dungeon.
You were not hungry.

You visited 1 branch of the dungeon, and saw 2 of its levels.

You collected 25 gold pieces.

Inventory:

Missiles
 d - 5 tomahawks of dispersal (quivered)
Armour
 a - a +0 leather armour (worn)
 e - a +2 robe of the Archmagi
 k - a +0 hat
Scrolls
 c - a scroll of blinking {!r}
 g - a scroll of enchant weapon {unknown}
 i - a scroll of identify {unknown}
Potions
 h - a potion of degeneration {unknown}
 j - a potion of cancellation {unknown}
Books
 b - a book of Spatial Translocations
Comestibles
 f - 2 rations


   Skills:
 + Level 4.5 Fighting
 + Level 0.5 Short Blades
 + Level 0.5 Long Blades
 + Level 0.5 Axes
 + Level 0.5 Maces & Flails
 + Level 0.5 Polearms
 + Level 0.5 Staves
 + Level 0.5 Slings
 + Level 0.5 Bows
 + Level 0.5 Crossbows
 + Level 2.5 Throwing
 + Level 2.5 Armour
 + Level 4.5 Dodging
 + Level 0.5 Stealth
 + Level 0.5 Shields
 + Level 4.5 Unarmed Combat
 + Level 4.9 Spellcasting
 + Level 0.3 Conjurations
 + Level 0.3 Hexes
 + Level 0.3 Charms
 + Level 0.3 Summonings
 + Level 0.3 Necromancy
 + Level 5.3 Translocations
 + Level 0.3 Transmutations
 + Level 0.3 Fire Magic
 + Level 0.3 Ice Magic
 + Level 0.3 Air Magic
 + Level 0.3 Earth Magic
 + Level 0.3 Poison Magic
 + Level 0.6 Invocations
 + Level 0.5 Evocations


You had 10 spell levels left.
You didn't know any spells.

Dungeon Overview and Level Annotations

Branches:
Dungeon (2/15)

Altars:

Annotations:
D:2 exclusion: worm


Innate Abilities, Weirdness & Mutations

Your experience applies equally to all skills.
You have very sharp teeth.
Your uncanny sense of smell can sniff out nearby items.


Message History

The bat barely misses you.
You closely miss the bat. The bat misses you. The bat barely misses you.
The bat hits you but does no damage. The bat barely misses you.
You barely miss the bat. The bat barely misses you. The bat barely misses you.
The bat closely misses you. The bat completely misses you.
You closely miss the bat. Your bite misses the bat. The bat barely misses you.
You miss the bat. Your bite misses the bat. The bat hits you.
The bat closely misses you. The bat hits you.
The bat hits you but does no damage. The bat hits you but does no damage.
The bat misses you.
You hit the bat.
You kill the bat!
You see here a hat.
k - a hat Are you sure you want to abandon this character and quit the game? (Confirm with "yes".)

.........# #.#
####.....# #.##
##....# #..## ##.#.#
#.#.## #
#.#.####.###.####....
#.#.. ..# ##.....#
#.######. ##.####...#
#.# #.#..#####. # #.#
#..@....... #.
#.##.###### ... ..#
### ... ####


There were no monsters in sight!

Vanquished Creatures
  A gnoll
  A leopard gecko
  2 giant cockroaches
  A goblin
  A hobgoblin
  A bat
  A frilled lizard
  A kobold
  A rat
10 creatures vanquished.

Notes
Turn   | Place    | Note
-------+----------+-------------------------------------------
     0 | D:1      | NeonDemon the Gnoll Warper began the quest for the Orb.
     0 | D:1      | Reached XP level 1. HP: 20/20 MP: 6/6
   145 | D:1      | Reached XP level 2. HP: 26/26 MP: 7/7
   291 | D:2      | Quit the game

Vault maps used:
D:1:      minmay_arrival_four_houses
D:2:      marbit_many_paths

Action                   || total
-------------------------++-------
Melee: Unarmed           ||    46
       Bite              ||     3
  Use: Potion            ||     1
Armor: Leather armour    ||    10
Dodge: Dodged            ||    35

Table legend:
 A = Spawn XP
 B = Non-spawn XP
 C = Spawn XP percentage of total XP
 D = Spawn monster count
 E = Non-spawn monster count
 F = Spawn count percentage of total count
 G = Total turns spent on level
                    A         B        C        D         E        F      G
               +---------+---------+-------+---------+---------+-------+---------
         Total |       0 |      29 |   0.0 |       0 |      10 |   0.0 |   291
               +---------+---------+-------+---------+---------+-------+---------
           D:1 |       0 |      25 |   0.0 |       0 |       8 |   0.0 |   181
           D:2 |       0 |       4 |   0.0 |       0 |       2 |   0.0 |   110
               +---------+---------+-------+---------+---------+-------+---------
